 Dungeon Crawl Stone Soup version 0.31-a0-1074-g0b22e4e0f1 (webtiles) character file.

Game seed: 1867243033506168413

241 grandjackal the Slasher (level 5, 0/42 HPs)
             Began as a Demonspawn Gladiator on Nov 29, 2023.
             Slain by a gnoll
             ... wielding a +0 club
              (1 damage)
             ... on level 3 of the Dungeon.
             The game lasted 00:02:45 (1880 turns).

grandjackal the Slasher (Demonspawn Gladiator)      Turns: 1880, Time: 00:02:45

Health: 0/42       AC:  7    Str: 15    XL:     5   Next: 80%
Magic:  8/8        EV: 11    Int: 13    God:
Gold:   104        SH:  0    Dex: 14    Spells: 7/8 levels left

rFire   . . .        l - +2 short sword (freeze)
rCold   . . .        (no shield)
rNeg    . . .        p - +0 ring mail
rPois   .            c - +0 helmet
rElec   .            (no cloak)
rCorr   .            b - +0 pair of gloves
SInv    .            (no boots)
Will    .....        (no amulet)
Stlth   +            (no ring)
HPRegen 0.27/turn    (no ring)
MPRegen 0.11/turn

%: no passive effects
@: no status effects
A: hooves 1, big brain 1
a: no special abilities


You were on level 3 of the Dungeon.
You visited 1 branch of the dungeon, and saw 3 of its levels.

You collected 104 gold pieces.

Inventory:

Hand Weapons
 a - a +0 long sword
 l - a +2 short sword of freezing (weapon)
Missiles
 d - 3 throwing nets (quivered)
 e - a javelin
Armour
 b - a +0 pair of gloves (worn)
 c - a +0 helmet (worn)
 p - a +0 ring mail (worn)
Scrolls
 f - a scroll of noise {unknown}
 g - a scroll of fog {unknown}
 h - 2 scrolls of silence {unknown}
 j - a scroll of identify {unknown}
 k - a scroll of torment {unknown}
 n - a scroll of brand weapon {unknown}
 o - 2 scrolls of teleportation {unknown}
 q - a scroll of immolation {unknown}
 r - a scroll of enchant armour {unknown}
Potions
 i - a potion of magic
 s - a potion of mutation {unknown}


   Skills:
 + Level 3.8 Fighting
 + Level 4.0 Long Blades
 - Level 2.0 Throwing
 - Level 3.0 Dodging
 + Level 2.4 Spellcasting


You had 7 spell levels left.
You knew the following spells:

 Your Spells              Type           Power      Damage    Failure   Level
a - Summon Small Mammal   Summ           4%         N/A       43%         1

Your spell library contained the following spells:

 Spells                   Type           Power      Damage    Failure   Level
 Call Canine Familiar     Summ           1%         N/A       82%         3
 Summon Guardian Golem    Hex/Summ       1%         N/A       82%         3


Dungeon Overview and Level Annotations

Branches:
Dungeon (3/15)

Altars:
Gozag


Innate Abilities, Weirdness & Mutations

You have large cloven feet.
You have an unusually large brain. (Int +2)


Message History

* * * LOW HITPOINT WARNING * * *
You are lethally poisoned!
The gnoll hits you with a +0 club.
* * * LOW HITPOINT WARNING * * *
You are too injured to fight recklessly!
It was a potion of heal wounds.
You feel much better.
You feel very sick. The gnoll closely misses you.
The gnoll hits you but does no damage.
You feel very sick. The gnoll attacks as it pursues you!
The gnoll hits you from afar with a +2 halberd of venom.
You feel very sick. The gnoll attacks as it pursues you!
The gnoll hits you with a +0 club. The gnoll attacks as it pursues you!
The gnoll completely misses you.
* * * LOW HITPOINT WARNING * * *
You feel very sick. The gnoll attacks as it pursues you!
The gnoll barely misses you.
You feel sick. The gnoll attacks as it pursues you!
The gnoll hits you with a +0 club.
* * * LOW HITPOINT WARNING * * *
* * * LOW HITPOINT WARNING * * *
You feel sick.
* * * LOW HITPOINT WARNING * * *
You feel sick.
* * * LOW HITPOINT WARNING * * *
You feel sick.
* * * LOW HITPOINT WARNING * * *
You feel sick.
* * * LOW HITPOINT WARNING * * *
You feel sick. The gnoll attacks as it pursues you!
The gnoll closely misses you.
You see here a +2 heavy flail.
* * * LOW HITPOINT WARNING * * *
You feel sick.
There is a stone staircase leading up, spattered with blood here.
* * * LOW HITPOINT WARNING * * *
You feel sick.
You are no longer poisoned.
The gnoll hits you with a +0 club.
You die...

##....####.<#
#.###...........#
#................
#####..######...#
#..# #..... #..#
#.#... #..#
.#.#..#
######..###.#.#...
#@g.g...#.#.#.#...
#######.#.#.# #...
#.#.#.# #.#.
#g#.#.# #.#.
#.....# ...
###...# ...#
#†.......#
#........#
#........#


You could see 2 gnolls.

Vanquished Creatures
  An orc priest (D:3)
  Jessica (D:2)
  Terence (D:2)
  An orc wizard (D:3)
  3 gnolls
  6 adders
  A worm (D:2)
  4 orcs (D:3)
  5 bats
  3 endoplasms (D:1)
  2 giant cockroaches
  6 goblins
  2 hobgoblins
  3 quokkas (D:1)
  5 ball pythons (D:2)
  2 frilled lizards (D:2)
  5 kobolds
  3 rats (D:1)
54 creatures vanquished.

Notes
Turn   | Place    | Note
-------+----------+-------------------------------------------
     0 | D:1      | grandjackal the Demonspawn Gladiator began the quest for
                  | the Orb.
     0 | D:1      | Reached XP level 1. HP: 16/16 MP: 1/1
   221 | D:1      | Gained mutation: You have an unusually large brain. (Int
                  | +2) [demonic ancestry]
   221 | D:1      | Reached XP level 2. HP: 22/22 MP: 2/2
   383 | D:1      | Reached skill level 3 in Long Blades
   544 | D:1      | Gained mutation: You have large cloven feet. [demonic
                  | ancestry]
   544 | D:1      | Reached XP level 3. HP: 25/28 MP: 3/3
   898 | D:2      | Found an opulent altar of Gozag.
   905 | D:2      | Reached skill level 1 in Spellcasting
  1075 | D:2      | Noticed Terence
  1102 | D:2      | Killed Terence
  1103 | D:2      | Reached XP level 4. HP: 8/35 MP: 4/6
  1191 | D:2      | Noticed Jessica
  1201 | D:2      | Killed Jessica
  1389 | D:2      | Learned a level 1 spell: Summon Small Mammal
  1553 | D:3      | Reached XP level 5. HP: 41/41 MP: 6/8
  1723 | D:3      | Reached skill level 4 in Long Blades
  1879 | D:3      | HP: 2/42 [poisoned by a gnoll]
  1880 | D:3      | Slain by a gnoll

Illustrated notes

Levels and vault maps discovered:
D:1:      dpeg_arrival_more_subterranean_lakeside_camping, layout_rooms,
          st_stairs_10, minmay_tree_intersection
D:2:      layout_basic, basic_altar, minmay_misc_feat_secret_circle,
          uniq_terence, uniq_jessica
D:3:      minmay_roachtagon, layout_basic, mainiacjoe_overflow_six_doors_small,
          serial_co_window_serial, co_window_corner_a, co_window_paths_b,
          co_window_paths_b, co_window_paths_a, co_window_of_opportunity_a,
          co_window_corner_b, co_window_unsneaky_path_d, co_window_paths_c,
          co_window_broadway_a, co_window_2corner, co_window_unsneaky_path_c,
          glass_columns_c, glass_columns_b, glass_columns_a, glass_columns_b,
          glass_columns_c

Skill      XL: |  1  2  3  4  5 |
---------------+----------------+-----
Throwing       | 2 |  2.0
Dodging        | 3 |  3.0
Long Blades    | 3 4 |  4.0
Spellcasting   | 1 2 |  2.4
Fighting       | 3 |  3.8

Action                     |  1- 3 |  4- 6 || total
---------------------------+-------+-------++-------
  Melee: Long sword        |    70 |       ||    70
         Punch             |     2 |       ||     2
         Short sword       |    53 |    89 ||   142
         Kick              |    13 |    19 ||    32
  Throw: Throwing net      |       |     1 ||     1
    Use: Potion            |       |     2 ||     2
   Stab: Held in net/web   |       |     1 ||     1
 Armour: Leather armour    |    65 |       ||    65
         Ring mail         |    14 |    58 ||    72
  Dodge: Dodged            |    86 |    41 ||   127

Table legend: (Time is in decaauts)
 A = Elapsed time spent in this place.
 B = Non-inter-level travel time spent in this place.
 C = Inter-level travel time spent in this place.
 D = Time resting spent in this place.
 E = Time spent auto-exploring this place.
 F = Levels seen in this place.
 G = Mean time per level.
                   A        B        C        D        E       F      G
               +--------+--------+--------+--------+--------+-----+--------+
         Total |   1883 |   1767 |    116 |    312 |    977 |   3 |  627.7 |
       Dungeon |   1883 |   1767 |    116 |    312 |    977 |   3 |  627.7 |
               +--------+--------+--------+--------+--------+-----+--------+

Top non-repeatable levels by time:
     D:2: 899 daAuts
     D:1: 774 daAuts
     D:3: 209 daAuts
